AoeStats
← NicoCHavez2015

Arabia

509554738Analyzed
1v1 RM · 6d ago on Sep 27, 2026· 48m 25s· 2 players
Game mode
Random Map
Map size
Tiny (2 player)
Population
200
Speed
Normal
Resources
Standard
Victory
Conquest
Starting age
Dark Age
Ending age
Imperial Age
RankedLock teamsTeams togetherTeam positionsShared explorationLock speedFull tech treeHidden civsTurbo modeCheats
Victory
Defeat
🇧🇴 Magyars · Bolivia
1081
+16
🇲🇽 Magyars · Mexico
1081
-16
lequiteminombre
7:16 Loom
9:38 Feudal Age
12:29 Double-Bit Axe
19:06 Castle Age
18:17 Stone Mining
20:21 Bow Saw
25:26 Horse Collar
26:53 Corvinian Army
27:53 Scale Barding Armor
31:18 Wheelbarrow
30:29 Town Watch
30:58 Fletching
32:39 Heavy Plow
35:14 Bloodlines
35:36 Pikeman
36:39 Scale Mail Armor
37:53 Devotion
37:59 Husbandry
38:59 Gold Mining
NicoCHavez2015
7:41 Loom
10:40 Feudal Age
13:44 Double-Bit Axe
17:49 Town Watch
19:25 Bloodlines
21:19 Castle Age
20:42 Bloodlines
22:41 Husbandry
22:50 Scale Barding Armor
22:36 Horse Collar
23:21 Heavy Plow
23:44 Gold Mining
25:23 Bow Saw
28:56 Chain Barding Armor
30:28 Wheelbarrow
31:23 Gold Shaft Mining
34:21 Imperial Age
33:07 Stone Mining
34:38 Hand Cart
35:08 Corvinian Army
35:09 Fletching
35:27 Cavalier
36:55 Plate Barding Armor
39:20 Ballistics
40:01 Chemistry
39:22 Light Cavalry
41:00 Bodkin Arrow
49:15 Conscription
Connection lost

Rejoining the realm…

Still unreachable

The connection could not be restored.

Session expired

The server has moved on; the page needs a fresh start.